 Dungeon Crawl Stone Soup version 0.19.1 (webtiles) character file.

5702 Pixllover the Slicer (level 10, -5/98 HPs)
             Began as a Troll Berserker on Dec 17, 2016.
             Was a High Priest of Trog.
             Splashed by a brown ugly thing's acid (7 damage)
             ... on level 11 of the Dungeon.
             The game lasted 00:39:41 (8857 turns).

Pixllover the Slicer (Troll Berserker)              Turns: 8857, Time: 00:39:41

Health: -5/98      AC: -7    Str: 29    XL:     10   Next: 48%
Magic:  9/9        EV: 12    Int:  4    God:    Trog [*****.]
Gold:   440        SH:  0    Dex:  9    Spells: 0 memorised, 9 levels left

rFire  + . .     SeeInvis +     r - +6 short sword (speed)
rCold  + . .     Gourm    +     b - +1 animal skin
rNeg   . . .     Faith    .     (no shield)
rPois  +         Spirit   .     (helmet restricted)
rElec  .         Reflect  .     (no cloak)
rCorr  .         Harm     .     (gloves unavailable)
MR     .....                    (boots unavailable)
Stlth  +.........               (no amulet)
                                k - ring of see invisible
                                f - ring of protection from cold

@: corroded
A: unfitting armour, claws 3, hooves 1, horns 1, deformed body, fire resistance
1, fast metabolism 3, gourmand, poison resistance, regeneration 1, shaggy fur 1,
tough skin 2, no device heal 1, MP-powered wands
a: Berserk, Trog's Hand, Brothers in Arms, Burn Spellbooks, Renounce Religion


You were on level 11 of the Dungeon.
You worshipped Trog.
Trog was extremely pleased with you.
You were full.

You visited 1 branch of the dungeon, and saw 11 of its levels.

You collected 440 gold pieces.

Inventory:

Hand Weapons
 a - a +1 mace
 p - a +0 whip of flaming
 r - a +6 short sword of speed (weapon)
 w - a +0 hunting sling of freezing
Missiles
 j - 4 javelins (quivered)
 m - 5 needles of confusion
Armour
 b - a +1 animal skin (worn)
Rods
 l - a +2 lightning rod (12/12)
   (You took it off an orc on level 5 of the Dungeon)
Jewellery
 f - a ring of protection from cold (left claw)
 g - an uncursed ring of positive energy {unknown}
 k - a ring of see invisible (right claw)
 s - an uncursed ring of magical power
 y - an uncursed ring of flight
Wands
 v - a wand of lightning (7/15)
Scrolls
 d - 5 scrolls of teleportation
 e - 6 scrolls of identify
 n - 4 scrolls of remove curse
 q - 2 scrolls of enchant armour
 u - 2 scrolls of blinking
 A - 2 scrolls of immolation {unknown}
 B - a scroll of torment {unknown}
 C - a scroll of fog
Potions
 i - 5 potions of curing
 o - 4 potions of cure mutation
Comestibles
 c - 11 bread rations
 h - 3 meat rations
 t - 3 fruits
 x - a royal jelly
 D - 2 beef jerkies
 E - 3 chunks of flesh


   Skills:
 + Level 6.2 Fighting
 + Level 8.3 Short Blades
 + Level 6.1 Maces & Flails
 + Level 6.6 Dodging
 + Level 2.0 Stealth


You had 9 spell levels left.
You didn't know any spells.

Dungeon Overview and Level Annotations

Branches:
Dungeon (11/15)            Temple (0/1) D:5
   Lair: D:8-11         Orc: D:9-12

Altars:
Cheibriados
Dithmenos
Elyvilon
Makhleb
Nemelex Xobeh
Vehumet
Zin
The Shining One

Shops:
D:7 (


Innate Abilities, Weirdness & Mutations

You are too large for most types of armour.
You have claws for hands.
Your metabolism is lightning-fast.
You like to eat raw meat.
Your natural rate of healing is unusually fast.
You are covered in fur. (AC +1)
You have very tough skin. (AC +2)
You have large cloven feet.
You have a pair of small horns on your head.
Armour fits poorly on your strangely shaped body.
Your flesh is heat resistant. (rF+)
Your system is resistant to poisons. (rPois)
Potions and wands are less effective at restoring your health.
You expend magic power (3 MP) to strengthen your wands.


Message History

You kick the brown ugly thing, but do no damage.
Your headbutt misses the brown ugly thing.
You hit the brown ugly thing.
You kick the brown ugly thing, but do no damage.
The brown ugly thing is lightly wounded.
Your system partially rejects the healing.
You feel much better. The brown ugly thing bites you.
* * * LOW HITPOINT WARNING * * *
The acid corrodes you!
You are splashed with acid!
The acid burns!
* * * LOW HITPOINT WARNING * * *
Your system partially rejects the healing.
You feel much better. The brown ugly thing bites you!
* * * LOW HITPOINT WARNING * * *
You are splashed with acid!
The acid burns!
* * * LOW HITPOINT WARNING * * *
Your system partially rejects the healing.
You feel better. The brown ugly thing bites you!
* * * LOW HITPOINT WARNING * * *
The acid corrodes you!
You are splashed with acid!
The acid burns!
You die...

#+########
.........#
.......u.#
.......@.#
.........#
##########


You could see a brown ugly thing.

Vanquished Creatures
  Pikel (D:4)
  Joseph (D:7)
  A two-headed ogre (D:9)
  2 hippogriffs
  5 yaks (D:9)
  A hungry ghost (D:7)
  A water moccasin (D:8)
  3 ice beasts
  4 sky beasts
  3 phantoms
  A crocodile (D:9)
  5 ogres
  A centaur (D:5)
  4 bullfrogs
  3 scorpions
  3 howler monkeys
  5 crimson imps
  4 jellies
  5 hounds
  2 centaur skeletons (D:5)
  4 orc priests
  7 orc wizards
  Jessica (D:3)
  Natasha (twice) (D:4)
  Terence (D:3)
  2 iguanas
  6 worker ants
  A killer bee zombie (D:9)
  A hound skeleton (D:8)
  A howler monkey zombie (D:6)
  A worker ant zombie (D:10)
  10 adders
  3 oozes
  2 adder zombies (D:5)
  A dart slug (D:3)
  11 leopard geckos
  23 orcs
  2 ball pythons
  6 giant cockroaches
  8 goblins
  3 hobgoblins
  9 jackals
  6 quokkas
  7 bats
  3 frilled lizards
  A jackal zombie (D:5)
  12 kobolds
  A leopard gecko skeleton (D:4)
  A quokka skeleton (D:5)
  4 rats
195 creatures vanquished.

Vanquished Creatures (others)
  An orc priest (D:4)
  Natasha (D:4)
  An adder (D:4)
  A worm (D:4)
  A leopard gecko (D:3)
  An orc (D:4)
6 creatures vanquished.

Grand Total: 201 creatures vanquished

Notes
Turn   | Place    | Note
-------+----------+-------------------------------------------
     0 | D:1      | Pixllover the Troll Berserker began the quest for the Orb.
     0 | D:1      | Reached XP level 1. HP: 22/22 MP: 0/0
   142 | D:1      | Reached XP level 2. HP: 29/29 MP: 1/1
   699 | D:2      | Reached ** piety under Trog
   699 | D:2      | Reached XP level 3. HP: 10/36 MP: 2/2
   730 | D:2      | Found a snail-covered altar of Cheibriados.
  1993 | D:3      | Found a radiant altar of Vehumet.
  2007 | D:3      | Reached XP level 4. HP: 43/44 MP: 3/3
  2092 | D:3      | Noticed Jessica
  2112 | D:3      | Killed Jessica
  2323 | D:3      | Found a glowing golden altar of the Shining One.
  2374 | D:3      | Reached XP level 5. HP: 49/52 MP: 4/4
  2377 | D:3      | Reached *** piety under Trog
  2454 | D:3      | Noticed Terence
  2468 | D:3      | Killed Terence
  2859 | D:4      | Noticed Natasha
  2868 | D:4      | Reached XP level 6. HP: 43/61 MP: 5/5
  2878 | D:4      | Noticed Pikel
  2879 | D:4      | Killed Natasha
  2881 | D:4      | Noticed a slave
  2882 | D:4      | Noticed a slave
  2887 | D:4      | Noticed a slave
  2890 | D:4      | Noticed a slave
  2892 | D:4      | Killed Pikel
  2892 | D:4      | Reached skill level 1 in Short Blades
  2892 | D:4      | Reached skill level 5 in Maces & Flails
  2892 | D:4      | Reached XP level 7. HP: 39/67 MP: 6/6
  2938 | D:4      | Noticed Natasha
  2952 | D:4      | Killed Natasha
  2974 | D:4      | Noticed Natasha
  2985 | D:4      | Killed Natasha
  3517 | D:4      | Reached skill level 2 in Short Blades
  3558 | D:5      | Entered Level 5 of the Dungeon
  3644 | D:5      | Gained mutation: Armour fits poorly on your strangely shaped body. [potion of mutation]
  3644 | D:5      | Gained mutation: Your system is resistant to poisons. (rPois) [potion of mutation]
  3644 | D:5      | Gained mutation: You expend magic power (3 MP) to strengthen your wands. [potion of mutation]
  3687 | D:5      | Reached XP level 8. HP: 75/78 MP: 7/7
  3751 | D:5      | Found a sparkling altar of Nemelex Xobeh.
  3837 | D:5      | Gained mutation: You have a pair of small horns on your head. [potion of beneficial mutation]
  3923 | D:5      | Reached skill level 3 in Short Blades
  4066 | D:5      | Reached skill level 5 in Dodging
  4582 | D:5      | Reached skill level 4 in Short Blades
  4606 | D:5      | Reached skill level 1 in Stealth
  4668 | D:5      | Reached **** piety under Trog
  4697 | D:5      | Reached skill level 5 in Short Blades
  4722 | D:5      | Gained mutation: Your flesh is heat resistant. (rF+) [potion of mutation]
  4889 | D:5      | Reached XP level 9. HP: 85/85 MP: 8/8
  5281 | D:5      | Found a staircase to the Ecumenical Temple.
  5507 | D:6      | Found a white marble altar of Elyvilon.
  5793 | D:6      | Reached skill level 6 in Short Blades
  6021 | D:6      | Found a shadowy altar of Dithmenos.
  6377 | D:7      | Noticed Joseph
  6394 | D:7      | Killed Joseph
  6394 | D:7      | Reached skill level 5 in Fighting
  6573 | D:7      | Found Sejot's Weapon Boutique.
  6679 | D:7      | Found a glowing silver altar of Zin.
  6764 | D:7      | Reached skill level 7 in Short Blades
  6798 | D:7      | Gained mutation: You have large cloven feet. [potion of mutation]
  6798 | D:7      | Gained mutation: Potions and wands are less effective at restoring your health. [potion of mutation]
  7328 | D:8      | Reached ***** piety under Trog
  7460 | D:8      | Reached XP level 10. HP: 96/96 MP: 9/9
  8062 | D:9      | Found a burning altar of Makhleb.
  8301 | D:9      | Reached skill level 8 in Short Blades
  8712 | D:10     | Entered Level 10 of the Dungeon
  8826 | D:10     | Noticed a brown ugly thing
  8857 | D:11     | HP: 2/98 [brown ugly thing (15)]
  8857 | D:11     | Splashed by a brown ugly thing's acid

Skill      XL: |  1  2  3  4  5  6  7  8  9 10 |
---------------+-------------------------------+-----
Maces & Flails | 3 4 5 6 |  6.1
Dodging        | 3 4 5 6 |  6.6
Fighting       | 3 4 5 6 |  6.2
Short Blades   | 1 2 5 7 8 |  8.3
Stealth        | 1 2 |  2.0

Action                   |  1- 3 |  4- 6 |  7- 9 | 10-12 || total
-------------------------+-------+-------+-------+-------++-------
Melee: Mace              |   145 |    80 |       |       ||   225
       Short sword       |       |    29 |   390 |   145 ||   564
       Headbutt          |       |       |    57 |    34 ||    91
       Kick              |       |       |    18 |    59 ||    77
Invok: Berserk           |       |     3 |     5 |       ||     8
       Burn Spellbooks   |       |       |     2 |       ||     2
  Use: Scroll            |     6 |       |    10 |     1 ||    17
       Potion            |     4 |       |     8 |     5 ||    17
 Stab: Sleeping          |     1 |       |     2 |       ||     3
  Eat: Chunk             |    19 |    14 |    45 |    11 ||    89
       Beef jerky        |       |       |     2 |       ||     2
Armor: Animal skin       |    83 |    44 |    61 |    11 ||   199
Dodge: Dodged            |   127 |    62 |   165 |    46 ||   400
